 Dungeon Crawl Stone Soup version 0.27-a0-695-gb4952372f7 (webtiles) character file.

Game seed: 4699188046006031517

9 leviel the Skirmisher (level 2, 0/20 HPs)
             Began as a Gargoyle Monk on Mar 21, 2021.
             Slain by a quokka (2 damage)
             ... on level 1 of the Dungeon on Mar 22, 2021.
             The game lasted 00:02:18 (458 turns).

leviel the Skirmisher (Gargoyle Monk)                Turns: 458, Time: 00:02:19

Health: 0/20       AC:  4    Str: 14    XL:     2   Next: 16%
Magic:  2/2        EV: 12    Int: 10    God:
Gold:   0          SH:  0    Dex: 12    Spells: 1/1 levels left

rFire    . . .     SeeInvis .   a - +0 mace
rCold    . . .     Faith    .   (no shield)
rNeg     + . .     Spirit   .   b - +0 robe
rPois    ∞         Reflect  .   (no helmet)
rElec    +         Harm     .   (no cloak)
rCorr    +         Rampage  .   (no gloves)
Will     .....                  (no boots)
Stlth    ++........             (no amulet)
HPRegen  0.06/turn              e - ring of resist corrosion
MPRegen  0.08/turn              (no ring)

@: no status effects
A: AC +2, negative energy resistance 1, electricity resistance, torment
resistance 1, unbreathing 1, petrification resistance
a: no special abilities


You were on level 1 of the Dungeon.
You visited 1 branch of the dungeon, and saw 1 of its levels.

Inventory:

Hand Weapons
 a - a +0 mace (weapon)
Armour
 b - a +0 robe (worn)
Jewellery
 e - a ring of resist corrosion (right hand)
Scrolls
 c - a scroll of identify
 d - a scroll of amnesia


   Skills:
 * Level 3.6 Fighting
 * Level 3.3 Maces & Flails
 + Level 2.4 Dodging
 - Level 2.1 Stealth


You had one spell level left.
You didn't know any spells.
Your spell library was empty.

Dungeon Overview and Level Annotations

Branches:
Dungeon (1/15)

Altars:


Innate Abilities, Weirdness & Mutations

Your stone body is resilient. (AC +2)
You are immune to poison.
You resist negative energy. (rN+)
You are resistant to electric shocks. (rElec)
You are resistant to unholy torment.
You can survive without breathing.
You are immune to petrification.


Message History

You barely miss the hobgoblin.
The hobgoblin is heavily wounded.
The quokka closely misses you.
The hobgoblin hits you but does no damage.
The quokka bites you.
* * * LOW HITPOINT WARNING * * *
A quokka comes into view.
The hobgoblin barely misses you. The bat closely misses you.
The bat hits you but does no damage. The quokka bites you.
* * * LOW HITPOINT WARNING * * *
The quokka closely misses you. The bat hits you but does no damage. x2
The bat closely misses you. The bat completely misses you.
The bat hits you but does no damage.
You aren't carrying any potions.
As you read the scroll labelled SIGGUO MO AHAO, it crumbles to dust.
It is a scroll of identify.
d - a scroll of amnesia The bat hits you but does no damage. x2
You hit the bat.
The bat is moderately wounded.
The bat barely misses you.
You closely miss the bat.
The bat is moderately wounded.
The bat hits you but does no damage. x3
You completely miss the bat.
The bat is moderately wounded.
The bat closely misses you. The bat hits you but does no damage.
You hit the bat.
You kill the bat!
You closely miss the quokka. The quokka bites you.
* * * LOW HITPOINT WARNING * * *
The quokka bites you but does no damage.
You hit the quokka.
The quokka is moderately wounded.
The quokka bites you.
You die...

......
#.#.....#......#.#
#. ......
#..†..###.$.....>..
####..#
#.?....#.#.# #..#
#...........
#..##########.
#.........
##g###.### #r# #@#
#.......# #.###....
#.# ## #.# #.# #.#
#.#


You could see a quokka and a hobgoblin.

Vanquished Creatures
  A dart slug (D:1)
  A giant cockroach (D:1)
  A goblin (D:1)
  A hobgoblin (D:1)
  A bat (D:1)
  3 rats (D:1)
8 creatures vanquished.

Notes
Turn   | Place    | Note
-------+----------+-------------------------------------------
     0 | D:1      | leviel the Gargoyle Monk began the quest for the Orb.
     0 | D:1      | Reached XP level 1. HP: 14/14 MP: 1/1
   194 | D:1      | Reached XP level 2. HP: 8/19 MP: 2/2
   458 | D:1      | Slain by a quokka

Illustrated notes

Levels and vault maps discovered:
D:1:      wheals_arrival_linesprint, layout_basic, kennysheep_decorative_pillar,
          grunt_decor_cap, st_stairs_13, minivault_5

Action                   || total
-------------------------++-------
Melee: Mace              ||    29
  Use: Scroll            ||     1
Armor: Robe              ||    18
Dodge: Dodged            ||    18

Table legend: (Time is in decaauts)
 A = Elapsed time spent in this place.
 B = Non-inter-level travel time spent in this place.
 C = Inter-level travel time spent in this place.
 D = Time resting spent in this place.
 E = Time spent auto-exploring this place.
 F = Levels seen in this place.
 G = Mean time per level.
                   A        B        C        D        E       F      G
               +--------+--------+--------+--------+--------+-----+--------+
         Total |    464 |    464 |      0 |    184 |    195 |   1 |  464.0 |
       Dungeon |    464 |    464 |      0 |    184 |    195 |   1 |  464.0 |
               +--------+--------+--------+--------+--------+-----+--------+

Top non-repeatable levels by time:
     D:1: 464 daAuts
